Map: Moondance

Players

cure - Winner!

  • Race: Terran Terran
  • Spawn Location: 12:00

Lambo

  • Race: Zerg Zerg
  • Spawn Location: 6:00

VOD

Have the link to the VOD?

Description

Time

  • Played on: Oct. 23, 2022, 9 p.m.
  • Length: 13:06
Show
View Real Time Build Order
Export as new Build Order

cure Terran - Winner!

Build Orders: Command Center First (CC), Hellion Opening 

Get SALT Encoding   

  12  0:00  SCV  
  13  0:12  SCV  
  14  0:17  Supply Depot  
  14  0:24  SCV  
  15  0:39  SCV  
  16  0:51  SCV  
  17  0:58  Command Center  
  17  1:03  SCV  
  18  1:11  Barracks  
  18  1:15  SCV  
  19  1:20  Refinery  
  19  1:27  SCV  
  19  1:29  Refinery  
  20  1:39  SCV  
  21  1:51  SCV  
  22  1:58  Marine  
  23  2:03  Orbital Command  
  23  2:07  Factory  
  23  2:11  Orbital Command  
  23  2:17  Barracks Reactor  
  23  2:30  Supply Depot, SCV  
  24  2:37  SCV  
  24  2:43  SCV  
  26  2:50  SCV  
  27  2:52  Starport  
  27  2:55  SCV  
  27  2:57  Hellion  
  30  2:59  Barracks Tech Lab  
  30  3:00  Hellion  
  30  3:01  Orbital Command  
  33  3:07  SCV  
  33  3:19  Hellion, SCV  
  33  3:21  Hellion  
  33  3:22  Marauder  
  33  3:26  Supply Depot  
  37  3:27  SCV  
  37  3:30  Viking  
  37  3:31  SCV  
  41  3:37  Concussive Shells  
  41  3:43  Hellion x2  
  41  3:46  Supply Depot  
  45  3:52  Marauder  
  47  4:00  Armory  
  47  4:03  Medivac  
  53  4:10  Hellion x2  
  53  4:15  Marauder  
  55  4:18  Supply Depot  
  55  4:23  SCV x2  
  61  4:31  Hellion x2  
  61  4:34  Stimpack  
  61  4:35  Starport Reactor  
  61  4:36  Marine  
  62  4:40  SCV x2  
  62  4:43  Supply Depot  
  64  4:53  Marine  
  64  4:58  Hellion  
  64  4:59  Hellion  
  69  5:04  SCV x2  
  71  5:11  Marine  
  58  5:24  Hellion x2  
  58  5:25  SCV x2  
  62  5:30  Command Center  
  62  5:31  Marine  
  63  5:38  SCV x2  
  63  5:41  Starport Reactor  
  65  5:45  Supply Depot  
  65  5:49  Marine  
  66  5:55  Factory Tech Lab  
  66  5:57  SCV  
  66  5:58  SCV, Barracks  
  66  6:00  Barracks  
  68  6:05  Engineering Bay x2  
  68  6:07  Marine  
  68  6:09  SCV  
  68  6:10  SCV  
  69  6:23  Combat Shield, Siege Tank  
  69  6:24  Marine  
  62  6:25  Medivac x2  
  62  6:27  SCV x2  
  62  6:32  Terran Infantry Armor Level 1, Terran Infantry Weapons Level 1  
  68  6:41  Refinery x2, Orbital Command  
  68  6:44  Marine  
  68  6:45  SCV x2  
  68  6:46  Marine x2  
  73  6:51  Marine x2  
  75  6:57  SCV x2  
  75  6:59  Siege Tank  
  80  7:05  Marine x3  
  83  7:09  Orbital Command, Marine x2  
  85  7:16  Supply Depot  
  85  7:17  Supply Depot  
  85  7:18  Medivac  
  87  7:32  Marine x5  
  87  7:34  Siege Tank  
  95  7:42  SCV x2  
  97  7:46  Medivac  
  97  7:48  Barracks, Medivac  
  97  7:50  Marine x4  
  103  7:54  SCV x2  
  103  7:57  Barracks, SCV  
  103  8:15  Marine x5  
  103  8:16  Siege Tank  
  103  8:18  Medivac x2  
  109  8:27  SCV  
  109  8:28  SCV x2  
  109  8:30  Terran Infantry Weapons Level 2  
  111  8:35  Barracks Reactor  
  111  8:37  Marine x5  
  111  8:39  SCV  
  117  8:42  Supply Depot  
  117  8:43  Supply Depot  
  117  8:50  SCV x2  
  116  8:57  Terran Infantry Armor Level 2  
  115  9:03  Marine x2  
  115  9:04  Marine x2  
  115  9:07  Siege Tank  
  122  9:12  Supply Depot  
  122  9:16  Barracks Reactor  
  121  9:19  Barracks  
  121  9:20  Barracks  
  121  9:21  Barracks  
  121  9:25  Marine x6  
  127  9:34  Marine  
  128  9:41  Supply Depot x2  
  128  9:42  Supply Depot  
  128  9:43  Marine x6  
  134  9:48  Siege Tank  
  134  9:51  Marine  
  131  9:53  Marine x2  
  131  9:59  SCV x3  
  130  10:00  Marine x2  
  130  10:01  Marine x3  
  130  10:04  Marine  
  136  10:09  Marine  
  136  10:11  Marine x2  
  136  10:14  Sensor Tower  
  139  10:15  Barracks Reactor  
  139  10:16  Barracks Reactor  
  139  10:17  Barracks Reactor  
  139  10:18  Marine x3  
  142  10:24  Siege Tank, Marine  
  142  10:26  Marine  
  147  10:33  Supply Depot, Marine x3  
  150  10:39  Marine x3  
  150  10:40  Marine  
  154  10:44  Supply Depot  
  154  10:51  Marine x3  
  154  10:56  Siege Tank  
  160  11:02  Marine x6  
  165  11:04  Medivac  
  165  11:05  Medivac, Marine x4  
  173  11:13  Marine x4  
  177  11:20  Marine x4  
  180  11:27  Marine  
  180  11:29  Marine  
  180  11:30  Marine x2  
  165  11:37  Marine x2  
  165  11:38  Marine x6  
  165  11:39  Siege Tank  
  144  11:42  Medivac x2  
  144  11:44  Marine x2  
  144  11:45  Marine x2  
  152  11:47  Marine  
  152  11:48  Marine x2  
  155  11:55  Marine x4  
  155  11:56  Marine x3  
  161  12:02  Marine x4  
  161  12:03  Marine  
  161  12:05  Marine  
  161  12:06  Marine x2  
  168  12:13  Marine x4  
  171  12:17  Marine x3  
  171  12:20  Marine  
  145  12:23  Marine x6  
  145  12:24  Siege Tank, Marine  
  157  12:31  Marine x4  
  157  12:35  Marine x3  
  164  12:39  Marine  
  164  12:41  Marine x4  
Show
View Real Time Build Order
Export as new Build Order

Lambo Zerg 

Build Orders: Pool First 

Get SALT Encoding   

  12  0:00  Drone  
  13  0:12  Overlord  
  13  0:17  Drone  
  14  0:30  Drone x2  
  16  0:36  Drone  
  17  0:44  Drone, Extractor  
  17  0:47  Spawning Pool  
  16  0:55  Drone  
  17  1:06  Drone  
  18  1:16  Hatchery  
  17  1:20  Drone  
  18  1:34  Queen  
  18  1:35  Zergling x2  
  21  1:45  Metabolic Boost  
  21  1:49  Overlord  
  21  1:56  Drone  
  22  2:09  Drone  
  22  2:10  Queen  
  25  2:21  Zergling x4  
  27  2:30  Zergling x2  
  27  2:34  Hatchery  
  27  2:39  Drone  
  27  2:42  Drone x3  
  31  2:45  Drone  
  31  2:50  Overlord  
  32  2:55  Drone  
  32  2:56  Drone  
  34  3:03  Queen  
  36  3:11  Drone x2  
  38  3:13  Drone  
  38  3:18  Queen  
  41  3:22  Drone x3  
  44  3:29  Overlord  
  44  3:31  Overlord  
  44  3:45  Queen  
  46  3:51  Drone x2  
  46  3:52  Drone  
  46  3:54  Queen, Drone x2  
  46  3:55  Drone x2  
  55  3:57  Drone x2  
  55  4:02  Overlord  
  57  4:07  Queen  
  59  4:12  Overlord  
  59  4:14  Drone x2  
  59  4:15  Drone  
  59  4:16  Zergling x2  
  63  4:21  Zergling x6  
  66  4:25  Queen  
  66  4:28  Overlord  
  68  4:33  Drone  
  68  4:34  Baneling Nest  
  68  4:36  Queen  
  68  4:38  Zergling x2  
  71  4:43  Zergling x6  
  74  4:46  Queen  
  74  4:49  Overlord  
  74  4:51  Zergling x4  
  74  5:10  Drone x6  
  74  5:14  Queen x2  
  69  5:16  Zergling x2  
  69  5:19  Zergling x4  
  72  5:26  Overlord  
  73  5:30  Overlord  
  73  5:31  Spore Crawler  
  73  5:32  Spore Crawler  
  73  5:35  Lair, Drone x4  
  71  5:36  Extractor  
  71  5:39  Drone  
  71  5:41  Baneling x2  
  73  5:43  Baneling  
  73  5:46  Drone x5  
  73  5:49  Queen, Drone  
  79  5:54  Drone x3, Hatchery  
  83  6:00  Drone x3  
  83  6:01  Drone  
  83  6:03  Extractor  
  86  6:04  Extractor  
  86  6:05  Drone x2  
  86  6:09  Drone x2  
  89  6:11  Baneling x3  
  89  6:13  Zergling x2  
  90  6:25  Extractor  
  87  6:27  Drone x3, Extractor, Evolution Chamber  
  87  6:28  Evolution Chamber  
  87  6:29  Drone x2, Overlord  
  87  6:30  Overlord  
  89  6:33  Centrifugal Hooks  
  89  6:34  Spore Crawler, Overlord  
  89  6:36  Drone  
  89  6:38  Overseer  
  89  6:49  Drone x4, Hatchery  
  89  6:52  Drone x3  
  95  6:58  Drone  
  95  7:00  Zerg Ground Armor Level 1, Zerg Melee Weapons Level 1  
  96  7:01  Drone x2  
  96  7:03  Zergling x6, Hydralisk Den  
  96  7:04  Drone x3  
  96  7:06  Zergling x2, Baneling x2  
  104  7:10  Drone  
  105  7:18  Zergling x14  
  112  7:27  Zergling x4  
  112  7:29  Queen  
  115  7:30  Baneling x6  
  115  7:31  Zergling x2  
  115  7:32  Zergling x6  
  119  7:37  Overlord  
  119  7:39  Overlord x4  
  119  7:42  Overlord  
  119  7:44  Baneling  
  119  7:45  Baneling x6  
  119  7:46  Overlord  
  119  7:48  Overlord  
  119  7:50  Baneling x2  
  119  7:51  Overlord  
  119  7:57  Queen  
  121  7:59  Baneling, Overlord  
  121  8:00  Baneling  
  121  8:02  Overlord  
  120  8:06  Zergling x22  
  120  8:11  Zergling x4  
  124  8:15  Zergling x10  
  125  8:20  Zergling x2  
  125  8:22  Zergling x6, Queen x2  
  125  8:26  Baneling x10  
  129  8:27  Hydralisk  
  129  8:31  Hydralisk x3  
  129  8:33  Zergling x2  
  138  8:36  Baneling x7  
  138  8:39  Hydralisk x2  
  142  8:45  Hydralisk x3  
  147  8:50  Zergling x8  
  150  9:01  Drone x4  
  150  9:02  Zerg Melee Weapons Level 2, Infestation Pit, Zerg Ground Armor Level 2  
  153  9:04  Zergling x6  
  153  9:05  Zergling x2  
  153  9:08  Zergling x6  
  154  9:14  Hydralisk x3  
  154  9:16  Grooved Spines  
  160  9:23  Zergling x16  
  168  9:24  Baneling x2  
  168  9:25  Baneling x2  
  168  9:29  Baneling x4  
  168  9:31  Drone x2  
  170  9:34  Zergling x10  
  175  9:38  Zergling x10  
  178  9:52  Zergling x14  
  178  10:00  Zergling x12  
  178  10:01  Hive  
  177  10:16  Pneumatized Carapace  
  177  10:19  Hydralisk x3  
  180  10:25  Drone x2, Hatchery  
  181  10:34  Zergling x2  
  182  10:36  Baneling x7, Overlord x2  
  182  10:37  Overseer, Overlord  
  182  10:39  Muscular Augments  
  182  10:42  Extractor  
  181  10:43  Spore Crawler  
  181  10:47  Drone x2  
  182  10:55  Zergling x36  
  196  10:58  Hatchery  
  196  11:00  Zergling x16  
  196  11:05  Baneling x15  
  196  11:08  Zergling x2  
  196  11:09  Zergling x4  
  199  11:16  Overlord  
  199  11:20  Overlord  
  199  11:25  Zergling x2  
  199  11:31  Zergling x34  
  167  11:34  Zergling x2  
  167  11:37  Zergling x4  
  167  11:39  Zergling x4  
  141  11:42  Zergling x6  
  141  11:44  Baneling x2  
  141  11:45  Zergling x2  
  132  11:50  Hydralisk x3  
  132  11:52  Baneling x12  
  132  11:53  Baneling x2, Hydralisk x3  
  132  11:54  Zergling x2  
  130  11:55  Baneling x2  
  130  11:57  Zergling x4  
  130  12:00  Zergling x4  
  130  12:02  Baneling x9  
  130  12:05  Zergling x2  
  130  12:06  Zergling x4  
  130  12:07  Zergling x4  
  134  12:10  Zergling x4  
  134  12:13  Zergling x6  
  112  12:23  Zergling x2  
  112  12:25  Baneling x2  
  112  12:26  Baneling x6  
  106  12:31  Zergling x2  
  106  12:33  Baneling  
  106  12:36  Baneling x4  
  104  12:39  Zergling x2  
  104  12:40  Zergling x4  
  104  12:41  Hydralisk  
  104  12:42  Hydralisk x4  
  118  12:46  Zergling x6  
Tags
 
Add a new tag
Caveats
  • Supply blocks, unpowered buildings, or Contaminate may cause inaccurate times.
  • Supply counts are checked every 10 seconds.